 Dungeon Crawl Stone Soup version 0.24.0-2-g5b39cebb1c (webtiles) character file.

Game seed: 18053666037026321261, levelgen mode: deterministic

207 ventricule the Ruffian (level 5, -5/46 HPs)
             Began as a Troll Transmuter on Oct 31, 2019.
             Slain by an orc priest
             ... wielding a +0 trident
              (6 damage)
             ... on level 3 of the Dungeon.
             The game lasted 00:03:11 (2106 turns).

ventricule the Ruffian (Troll Transmuter)           Turns: 2106, Time: 00:03:11

Health: -5/46      AC:  6    Str: 18    XL:     5   Next: 54%
Magic:  5/5        EV: 10    Int:  9    God:
Gold:   104        SH:  0    Dex: 11    Spells: 6/6 levels left

rFire    . . .     SeeInvis .     - Unarmed
rCold    . . .     Gourm    +   (no shield)
rNeg     . . .     Faith    .   b - +0 robe
rPois    .         Spirit   .   (helmet restricted)
rElec    .         Reflect  .   (no cloak)
rCorr    .         Harm     .   (gloves unavailable)
MR       .....                  (boots unavailable)
Stlth    +.........             (no amulet)
HPRegen  0.55/turn              (no ring)
MPRegen  0.09/turn              (no ring)

@: drained
A: large, unfitting armour, claws 3, fast metabolism 3, gourmand, regeneration
1, shaggy fur 1, tough skin 3
a: no special abilities


You were on level 3 of the Dungeon.
You were completely stuffed.

You visited 1 branch of the dungeon, and saw 3 of its levels.

You collected 104 gold pieces.

Inventory:

Missiles
 k - 28 arrows
 Q - 56 stones (quivered)
Armour
 b - a +0 robe (worn)
Scrolls
 c - a scroll of magic mapping {unknown}
 g - a scroll of remove curse {unknown}
 i - 3 scrolls of identify
 n - a scroll of blinking {unknown}
 o - a scroll of teleportation {unknown}
Potions
 d - a potion of cancellation {unknown}
 h - a potion of invisibility {unknown}
 j - a potion of heal wounds {unknown}
 l - a potion of lignification {unknown}
 q - 4 potions of curing
Comestibles
 e - 7 rations
 m - 3 chunks of flesh


   Skills:
 - Level 0.7(0.1) Fighting
 + Level 3.5(2.9) Dodging
 + Level 4.9(4.3) Unarmed Combat
 - Level 1.2(0.7) Spellcasting
 - Level 1.3(0.8) Transmutations


You had 6 spell levels left.
You didn't know any spells.
Your spell library contained the following spells:

 Spells                   Type           Power        Failure   Level  Hunger
 Beastly Appendage        Tmut           #.....       26%         1    ##.....
 Sticks to Snakes         Tmut           #.......     38%         2    ###....
 Spider Form              Tmut/Pois      #.........   67%         3    ####...
 Ice Form                 Ice/Tmut       #.......     97%         4    #####..
 Blade Hands              Tmut           #.........   100%        5    ######.


Dungeon Overview and Level Annotations

Branches:
Dungeon (3/15)

Altars:
Fedhas
Gozag

Annotations:
D:3 2 transporters


Innate Abilities, Weirdness & Mutations

You are too large for most types of armour.
You have claws for hands.
Your metabolism is lightning-fast.
You like to eat raw meat.
Your natural rate of healing is unusually fast.
You are covered in fur. (AC +1)
You have extremely tough skin. (AC +3)


Message History

It is a scroll of identify.
a - 4 potions of curing;
q - 4 potions of curing;
i - 3 scrolls of identify
f - a scroll labeled AHEOTW VIGIYQU The ice beast completely misses you.
The hobgoblin hits you but does no damage.
The orc priest hits you from afar with a +0 trident!
* * * LOW HITPOINT WARNING * * *
The hobgoblin hits you but does no damage.
You take 13 damage, and have 9/46 hp.
MASSIVE DAMAGE!!
As you read the scroll labeled AHEOTW VIGIYQU, it crumbles to dust.
It is a scroll of amnesia.
Forget Beastly Appendage, freeing 1 spell level for a total of 6?
Your memory of Beastly Appendage unravels.
The ice beast hits you.
* * * LOW HITPOINT WARNING * * *
The ice beast freezes you.
* * * LOW HITPOINT WARNING * * *
The orc priest hits you from afar with a +0 trident.
You die...

..............######s.
......................
.!............##.###..
..........######s# ...
........).# #.##...
#...######## #.##...
#.. ########.##...
#...######........##...
#.....@gs.........# ..
.....og.Yr.........#
............#...##+#
...oo.......+.....
............#..$#..
.........####...#...
#####.#### #...# .. #.
.. ##


You could see an ice beast, a scorpion, an orc priest, 2 orcs, a hobgoblin, a
goblin and a rat.

Levels and vault maps discovered:
D:1:      dpeg_arrival_fog, layout_basic, serial_rivers,
          chequers_serial_rivers_large_a, chequers_serial_rivers_room_b,
          chequers_serial_rivers_room_b, chequers_serial_rivers_room_a,
          chequers_serial_rivers_small_a, chequers_serial_rivers_small_a
D:2:      layout_basic, lemuel_crystal_altar
D:3:      gammafunk_steamed_eel, layout_basic, grunt_gozag_breadcrumbs,
          first_ration, uniq_robin

Notes
Turn   | Place    | Note
-------+----------+-------------------------------------------
     0 | D:1      | ventricule the Troll Transmuter began the quest for the
                  | Orb.
     0 | D:1      | Reached XP level 1. HP: 18/18 MP: 1/1
    21 | D:1      | Identified a +0 club
   121 | D:1      | Identified a +0 club
   159 | D:1      | Identified a +0 club
   216 | D:1      | Identified a +0 club
   223 | D:1      | Reached skill level 2 in Dodging
   223 | D:1      | Reached XP level 2. HP: 22/26 MP: 2/2
   345 | D:1      | Identified a +0 club
   852 | D:2      | Identified a +0 club
   920 | D:2      | Found a blossoming altar of Fedhas.
   922 | D:2      | Identified a +0 club
   941 | D:2      | Noticed a scorpion
   955 | D:2      | Killed a scorpion
   955 | D:2      | Reached skill level 4 in Unarmed Combat
   955 | D:2      | Reached XP level 3. HP: 26/32 MP: 3/3
   955 | D:2      | Reached XP level 4. HP: 33/40 MP: 4/4
  1047 | D:2      | Identified a +0 dagger
  1063 | D:2      | Identified a +0 dagger
  1090 | D:2      | Identified a +0 club
  1096 | D:2      | Identified a +0 club
  1261 | D:2      | Reached skill level 3 in Dodging
  1332 | D:2      | Identified a +0 club
  1549 | D:2      | Identified a +0 dagger
  1635 | D:3      | Found an opulent altar of Gozag.
  1664 | D:3      | Identified a +0 club
  1664 | D:3      | Identified a +0 dagger
  1664 | D:3      | Identified a +0 club
  1665 | D:3      | Identified a +0 dagger
  1665 | D:3      | Identified a +0 hunting sling
  1665 | D:3      | Identified a +2 vampiric dagger
  1666 | D:3      | Identified a +7 club
  1666 | D:3      | Identified a +0 animal skin
  1666 | D:3      | Identified a +0 helmet
  1666 | D:3      | Noticed Robin
  1666 | D:3      | Identified a +0 club
  1666 | D:3      | Identified a +0 club
  1701 | D:3      | Killed Robin
  1702 | D:3      | Reached XP level 5. HP: 45/46 MP: 5/5
  1738 | D:3      | Identified a +0 club
  1738 | D:3      | Identified a +0 ring mail
  1740 | D:3      | Identified a +0 dagger
  1740 | D:3      | Identified a +0 robe
  1740 | D:3      | Identified a +0 club
  1741 | D:3      | Identified a +0 hand axe
  1793 | D:3      | Found a transporter.
  1793 | D:3      | Identified a +0 dagger
  1798 | D:3      | Found a transporter.
  1805 | D:3      | Identified a +0 trident
  1805 | D:3      | Identified a cursed -2 falchion
  1807 | D:3      | Identified a +1 dagger of draining
  1846 | D:3      | Identified a +0 club
  1850 | D:3      | Identified a +0 hand axe
  1850 | D:3      | Identified a +0 leather armour
  1859 | D:3      | Identified a +0 club
  2063 | D:3      | Noticed an ice beast
  2081 | D:3      | HP: 9/46 [ice beast (10)]
  2099 | D:3      | Identified a +0 club
  2102 | D:3      | Identified a +0 trident
  2102 | D:3      | Identified a +0 ring mail
  2102 | D:3      | Identified a +0 club
  2103 | D:3      | Identified a +0 war axe
  2104 | D:3      | Identified 4 scrolls of identify
  2104 | D:3      | Identified 4 potions of curing
  2105 | D:3      | HP: 9/46 [orc priest/+0 trident (13)]
  2106 | D:3      | Identified a scroll of amnesia
  2106 | D:3      | HP: 1/46 [ice beast (6)]
  2106 | D:3      | Slain by an orc priest

Table legend:
 A = Turns spent in this place as a percentage of turns spent in the entire game.
 B = Non-inter-level travel turns spent in this place as a percentage of non-inter-level travel turns spent in the entire game.
 C = Inter-level travel turns spent in this place as a percentage of turns spent in this place.
 D = Turns resting spent in this place as a percentage of non-inter-level travel turns spent in this place.
 E = Turns spent auto-exploring this place as a percentage of non-inter-level travel turns spent in this place.
 F = Non-inter-level travel turns spent in this place divided by the number of levels of this place that you've seen.
                   A       B       C       D       E      F
               +-------+-------+-------+-------+-------+----------------------
         Total | 100.0 | 100.0 |   1.5 |   1.2 |  77.8 | 691.7
       Dungeon | 100.0 | 100.0 |   1.5 |   1.2 |  77.8 | 691.7
               +-------+-------+-------+-------+-------+----------------------

Table legend:
 A = Kills in this place as a percentage of kills in entire the game.
 B = Kills by you in this place as a percentage of kills by you in the entire game.
 C = Kills by friends in this place as a percentage of kills by friends in the entire game.
 D = Other kills in this place as a percentage of other kills in the entire game.
 E = Experience gained in this place as a percentage of experience gained in the entire game.
 F = Experience gained in this place divided by the number of levels of this place that you have seen.
                   A       B       C       D       E      F
               +-------+-------+-------+-------+-------+----------------------
         Total | 100.0 | 100.0 |   N/A |   N/A | 100.0 |  98.7
       Dungeon | 100.0 | 100.0 |   N/A |   N/A | 100.0 |  98.7
               +-------+-------+-------+-------+-------+----------------------

Skill      XL: |  1  2  3  4 |
---------------+-------------+-----
Dodging        | 2 3 |  3.5
Unarmed Combat | 4 |  4.9
Fighting       | |  0.7
Spellcasting   | |  1.2
Transmutations | |  1.3

Action                   |  1- 3 |  4- 6 || total
-------------------------+-------+-------++-------
Melee: Unarmed           |    58 |   123 ||   181
       Punch             |       |     6 ||     6
  Use: Scroll            |       |     2 ||     2
 Stab: Sleeping          |     1 |       ||     1
  Eat: Chunk             |    12 |    13 ||    25
Armor: Robe              |    25 |    52 ||    77
Dodge: Dodged            |    28 |    58 ||    86

Vanquished Creatures
  A scorpion (D:2)
  An orc wizard (D:3)
  Robin (D:3)
  3 adders
  2 worms (D:2)
  A leopard gecko (D:1)
  7 orcs (D:3)
  4 giant cockroaches
  12 goblins
  16 hobgoblins
  A quokka (D:3)
  4 ball pythons
  7 bats
  5 frilled lizards
  4 kobolds
  8 rats
77 creatures vanquished.
